Cogmind - Beta 15 @@@ ROGUE MODE // 2025.07.18 @ 13:53:22 Player: beans Result: Destroyed by Y-45 Defender with Heavy Assault Rifle Performance ------------- Evolutions (1) 500 Regions Visited (2) 400 Robots Destroyed (48) 240 Value Destroyed (668) 668 Prototype IDs (3) 60 Alien Tech Used (0) 0 Bonus (0) 0 TOTAL SCORE: 1868 Bonus ------- None Cogmind --------- Core Integrity 0/400 Matter 291/300 Energy 280/280 System Corruption 0% Temperature Cool (0) Movement Core (300) Ox5 Location -9/Materials Parts ------- > --- POWER (1) -------- Heavy Ion Engine > --- PROPULSION (2) --- (None) > --- UTILITY (2) ------ (None) > --- WEAPON (4) ------- Spread Laser Spread Laser Spread Laser > --- INVENTORY (5) ---- Ion Engine Improved Medium Laser Improved Medium Laser Peak State ------------ > --- POWER ------------ Light Ion Engine > --- PROPULSION ------- (None) > --- UTILITY ---------- Signal Interpreter > --- WEAPON ----------- Improved EM Shotgun Improved Medium Laser Improved Medium Laser Particle Cannon > --- INVENTORY -------- Ion Engine [Rating: 13] Favorites ----------- Power Light Ion Engine Engine Light Ion Engine Propulsion Light Treads Treads Light Treads Flight Unit Flight Unit Utility Signal Interpreter Processor Signal Interpreter Weapon Improved Medium Laser Energy Gun Improved Medium Laser Energy Cannon Particle Cannon Ballistic Gun Light Assault Rifle Build | -11 -10 -9 ------- Run | Yrd Mat Mat Slots Evolved 2 | . . 2 Power . | . . . Propulsion . | . . . Utility . | . . . Weapon 2 | . . 2 Parts Attached 21 | 4 4 13 Power 5 | 2 . 3 Engine 5 | 2 . 3 Core . | . . . Reactor . | . . . Propulsion 4 | 2 2 . Treads 2 | 2 . . Leg . | . . . Wheel . | . . . Hover . | . . . Flight 2 | . 2 . Utility 1 | . 1 . Device . | . . . Storage . | . . . Processor 1 | . 1 . Hackware . | . . . Protection . | . . . Artifact . | . . . Weapon 11 | . 1 10 Energy Gun 8 | . . 8 Energy Cannon 1 | . . 1 Ballistic Gun 2 | . 1 1 Ballistic Cannon . | . . . Launcher . | . . . Special Weapon . | . . . Impact Weapon . | . . . Slashing Weapon . | . . . Piercing Weapon . | . . . Special Melee Weapon . | . . . Unidentified Prototypes 3 | . . 3 Parts Lost 10 | . 4 6 Power 2 | . 1 1 Propulsion 2 | . 2 . Utility 1 | . . 1 Weapon 5 | . 1 4 Highest Loss Streak 4 | . 4 2 To Critical Strikes . | . . . Average Backups . | . . . Power . | . . . Propulsion . | . . . Utility . | . . . Weapon . | . . . Tool/Special . | . . . Unused Backups . | . . . Power . | . . . Propulsion . | . . . Utility . | . . . Weapon . | . . . Tool/Special . | . . . Average Slot Usage (%) 51 | . 54 50 Engine 9 | . 10 9 Treads 2 | . 19 . Processor 10 | . 10 10 Energy Gun 22 | . . 26 Energy Cannon 3 | . . 3 Ballistic Gun 1 | . 8 . Peak Build Rating 13 | 3 5 13 Average Rating 8 | 2 3 9 On Entrance 1 | . 3 1 Naked Turns . | . . . Heaviest Build 17 | 5 6 17 Greatest Support 40 | 40 40 3 Greatest Overweight (x) 5 | 1 1 5 Average Overweight (x) 2 | . . 3 Largest Inventory Capacity 5 | 5 5 5 Average Capacity 5 | 5 5 5 Most Carried 4 | 2 2 4 Average Carried . | . . . Final Capacity 5 | 5 5 5 Final Carried 3 | . 1 3 Class Distribution -------------------- 66% | Gunner 33% | Mutant Dominant Class ---------------- Mutant | -10/Materials Gunner | -9/Materials Resources | -11 -10 -9 ----------- Run | Yrd Mat Mat Matter Collected 422 | 226 29 167 Remotely . | . . . Salvage Created 1467 | . 45 1422 Parts 108 | . 6 102 Haulers Intercepted 2 | . . 2 Recyclers Shooed 2 | . . 2 Parts Field Recycled . | . . . Retrieved Matter . | . . . Parts Self-Destructed . | . . . Prevented . | . . . Kills | -11 -10 -9 ------- Run | Yrd Mat Mat Combat Hostiles Destroyed 23 | . 3 20 Guns 19 | . 3 16 Cannons 3 | . . 3 AOE 1 | . . 1 Classes Destroyed 10 | . 1 9 Worker 9 | . . 9 Builder 3 | . . 3 Tunneler 1 | . . 1 Hauler 2 | . . 2 Recycler 6 | . . 6 Operator 2 | . . 2 Watcher 2 | . . 2 Swarmer 13 | . 3 10 Grunt 7 | . . 7 Sentry 3 | . . 3 Best Kill Streak 8 | . 3 8 Combat Bots Only 4 | . 3 4 Max Kills in Single Turn 2 | . 1 2 Gunslinging 1 | . . 1 Exploded 1 | . . 1 Melee . | . . . Uniques/NPCs Destroyed . | . . . Combat | -11 -10 -9 -------- Run | Yrd Mat Mat Hostile Shots Fired 214 | . 103 111 Missed 55 | . 33 22 Hits 159 | . 70 89 Projectile 159 | . 70 89 Critical Strikes 5 | . 2 3 Damage Taken 1590 | . 646 944 Core 621 | . 220 401 Absorbed by Shields . | . . . Core Remaining (%) 56 | 100 12 . Volleys Fired 107 | . 17 90 Largest 4 | . 1 4 Hottest 223 | . 20 223 Shots Fired 229 | . 17 212 Gun 205 | . 17 188 Cannon 24 | . . 24 Launcher . | . . . Special . | . . . Kinetic 26 | . 17 9 Thermal 160 | . . 160 Explosive . | . . . Electromagnetic 43 | . . 43 Robot Hit Streak 8 | . 1 8 Robot Miss Streak 7 | . 3 7 Penetration Max . | . . . Secondary Targets 2 | . . 2 Max Gunslinging Chain 1 | . . 1 Shots Hit Robots 126 | . 6 120 Core Hits 68 | . 5 63 Critical Kills . | . . . Critical Parts Destroyed . | . . . Critical Strikes 6 | . . 6 Burn 6 | . . 6 Melee Attacks . | . . . Impact . | . . . Slashing . | . . . Piercing . | . . . Sneak Attacks . | . . . Combat Hostiles . | . . . Follow-up Attacks . | . . . Damage Inflicted 2236 | . 56 2180 Guns 1766 | . 49 1717 Cannons 285 | . . 285 Explosions 178 | . . 178 Melee . | . . . Ramming 7 | . 7 . Kinetic 96 | . 49 47 Thermal 1572 | . . 1572 Explosive . | . . . Electromagnetic 561 | . . 561 Impact . | . . . Slashing . | . . . Piercing . | . . . Highest Corruption . | . . . Average Corruption . | . . . Corruption Purged . | . . . Corruption Blocked . | . . . Overload Shots . | . . . Overflow Damage 27 | . . 27 Projectiles 5 | . . 5 Explosions 22 | . . 22 Melee . | . . . Knockbacks . | . . . Impact . | . . . Kinetic . | . . . Secondary . | . . . Self-Inflicted Damage 31 | . 3 28 Shots 1 | . . 1 Rammed 1 | . 1 . Targets Rammed 1 | . 1 . Kicked . | . . . Crushed . | . . . Highest Temperature 556 | . 16 556 Average Temperature 140 | . 12 141 Received Heat Transfer 321 | . 141 180 Effects 17 | . . 17 Shutdowns 3 | . . 3 Energy Bleed 3 | . . 3 Interference 6 | . . 6 Matter Decay 1 | . . 1 Short Circuit 3 | . . 3 Damage (minor) 1 | . . 1 Siege Activations . | . . . Martial Activations . | . . . Shielding Activations . | . . . Robots Disrupted . | . . . Combat Hostiles . | . . . Robots Corrupted . | . . . Combat Hostiles . | . . . Parts Fried . | . . . Impact Corruptions . | . . . Robots Melted . | . . . Combat Hostiles . | . . . Parts Melted 6 | . . 6 Heat Transferred 3517 | . . 3517 Parts Sabotaged . | . . . Parts Stolen . | . . . Parts Stripped . | . . . Power Chain Reactions 4 | . . 4 Alert | -11 -10 -9 ------- Run | Yrd Mat Mat Maximum Alert Level 1 | . . 1 Low Security (%) 87 | 100 100 85 Level 1 12 | . . 14 Level 2 . | . . . Level 3 . | . . . Level 4 . | . . . Level 5 . | . . . High Security . | . . . Max Security . | . . . Peak Influence 259 | . 75 259 Initial 16 | . . 16 Average 103 | . 30 119 Influence Increases 808 | . 130 678 Destroy 0b10 Robot/C 460 | . 60 400 Destroy 0b10 Robot/NC 125 | . . 125 Destroy Leader 98 | . 10 88 Disable Machine 45 | . . 45 Destroy Structure 20 | . . 20 Lose Combat Pursuer 60 | . 60 . Influence Decreases 590 | . 90 500 Entered New Map 24 | . . 24 Time Decay 466 | . 50 416 Lost Part 100 | . 40 60 Squads Dispatched 4 | . 2 2 Investigation 1 | . 1 . Extermination . | . . . Reinforcement 3 | . 1 2 Assault . | . . . Garrison . | . . . Intercept . | . . . Searches Triggered . | . . . Construction Impeded 1 | . . 1 Haulers Reinforced . | . . . Active Scanning Responses . | . . . Cargo Convoy Interrupts . | . . . Stealth | -11 -10 -9 --------- Run | Yrd Mat Mat Distress Signals 2 | . . 2 Communications Jammed . | . . . Distress Signals . | . . . Times Spotted 45 | . 15 30 Peak Tracking Total 9 | . 9 5 Tactical Retreats 2 | . 2 . Traps | -11 -10 -9 ------- Run | Yrd Mat Mat Traps Triggered 1 | . 1 . Indirectly . | . . . Trap Hack Attempts . | . . . Triggered . | . . . Disarmed . | . . . Reprogrammed . | . . . Reused . | . . . Traps Extracted . | . . . Installed . | . . . Triggered . | . . . Machines | -11 -10 -9 ---------- Run | Yrd Mat Mat Machines Disabled 3 | . . 3 Max in Single Turn 1 | . . 1 Machines Repaired . | . . . Machines Dismantled . | . . . Machines Sabotaged . | . . . Overloaded Fab Kills . | . . . Hacking | -11 -10 -9 --------- Run | Yrd Mat Mat Machines Accessed . | . . . Terminals . | . . . Fabricators . | . . . Repair Stations . | . . . Recycling Units . | . . . Scanalyzers . | . . . Garrison Access . | . . . Total Hacks . | . . . Successful . | . . . Failed . | . . . Catastrophic . | . . . Database Lockouts . | . . . Manual . | . . . Terminals . | . . . Fabricators . | . . . Repair Stations . | . . . Recycling Units . | . . . Scanalyzers . | . . . Garrison Access . | . . . Terminal Hacks . | . . . Fabricator Hacks . | . . . Repair Station Hacks . | . . . Recycling Unit Hacks . | . . . Scanalyzer . | . . . Garrison Access Hacks . | . . . Unauthorized Hacks . | . . . Terminals . | . . . Fabricators . | . . . Repair Stations . | . . . Recycling Units . | . . . Scanalyzers . | . . . Garrison Access . | . . . Data Cores Recovered 1 | . . 1 Used . | . . . Hacking Detections . | . . . Full Trace Events . | . . . Feedback Events . | . . . Feedback Blocked . | . . . Robot Schematics Acquired . | . . . Robots Built . | . . . Authchips . | . . . Time . | . . . Total Robot Build Rating . | . . . Part Schematics Acquired . | . . . Parts Built . | . . . Authchips . | . . . Time . | . . . Total Part Build Rating . | . . . Parts Repaired . | . . . Time . | . . . Parts Recycled . | . . . Recycled Matter . | . . . Retrieved Matter . | . . . Retrieved Components . | . . . Parts Scanalyzed . | . . . Part Schematics Acquired . | . . . Parts Damaged . | . . . Bothacking | -11 -10 -9 ------------ Run | Yrd Mat Mat Used RIF Installer . | . . . Robots Hacked . | . . . Non-combat . | . . . Combat . | . . . Robot Hacks Applied . | . . . Relay Couplers Released . | . . . Fabnet Peak Effective % . | . . . Robots Rewired . | . . . Allies Hacked . | . . . Hacks Repelled . | . . . Allies | -11 -10 -9 -------- Run | Yrd Mat Mat Total Allies . | . . . Largest Group . | . . . Highest-Rated Group . | . . . Highest-Rated Ally . | . . . Total Orders . | . . . Ally Attacks . | . . . Total Damage . | . . . Kills . | . . . Allies Corrupted . | . . . Allies Melted . | . . . Intel | -11 -10 -9 ------- Run | Yrd Mat Mat Active Infowar (turns) . | . . . Robot Analysis Total . | . . . Derelict Logs Recovered . | . . . Drone Launches . | . . . Drone Recoveries . | . . . Exploration | -11 -10 -9 ------------- Run | Yrd Mat Mat Turns Passed 1229 | 59 151 1019 Spaces Moved 515 | 43 128 344 Core 393 | 20 29 344 Treads 69 | 23 46 . Legs . | . . . Wheels . | . . . Hover . | . . . Flight 53 | . 53 . Fastest Speed 37 | 50 37 50 Average Speed 171 | 119 85 210 Slowest Speed 300 | 160 160 300 Overloaded Moves . | . . . Propulsion Burnouts . | . . . Robots Hopped 1 | . 1 . Potential Cave-ins . | . . . Cave-ins Triggered . | . . . Exploration Rate (%) 23 | 4 30 35 Regions Visited 2 Branch Regions . Pre-discovered Areas . | . . . Known Exits Taken 1 | . 1 . Unknown Exits Taken 1 | 1 . . Scrap Searched . | . . . Spaces Dug . | . . . Terrain Destroyed 17 | . . 17 Melee . | . . . Projectile . | . . . AOE 17 | . . 17 Terrain Rammed . | . . . Walls Destroyed . | . . . Machines Disabled . | . . . Actions | -11 -10 -9 --------- Run | Yrd Mat Mat Total 667 | 51 155 461 Wait 1 | . . 1 Move 511 | 42 125 344 Hop 1 | . 1 . Pick Up 21 | 4 5 12 Fast Attach . | . . . Attach 17 | 3 4 10 Detach . | . . . Swap 4 | 1 . 3 Drop 4 | 1 2 1 Fire 107 | . 17 90 Melee . | . . . Ram 1 | . 1 . Kick . | . . . Crush . | . . . Escape Stasis . | . . . Rewire . | . . . Trap . | . . . Miscellaneous . | . . . Route ------- -11/Scrapyard -10/Materials -9/Materials History --------- Turn | Location | Event 4 | -11/Scrapyard | Discovered new exit (range 15) 60 | -11/Scrapyard | Entered Materials 171 | -10/Materials | Core integrity fell below 50% 201 | -10/Materials | Core integrity fell below 20% 206 | -10/Materials | Discovered new exit (range 7) 210 | -10/Materials | Identified exit to Materials 211 | -10/Materials | Entered another Materials area 211 | -9/Materials | Evolved 2 slots: Weapon x2 236 | -9/Materials | Lost 4 parts (1p2n1w) 369 | -9/Materials | Core integrity fell below 50% 544 | -9/Materials | Build established: Gunner 1038 | -9/Materials | Core integrity fell below 20% 1230 | -9/Materials | Destroyed by Y-45 Defender with Heavy Assault Rifle Last Messages --------------- U-05 Engineer lays Concrete. K-01 Serf collects debris. G-34 Mercenary suffers critical hit (Burn). G-34 Mercenary destroyed. K-01 Serf collects debris. G-34 Mercenary destroyed. K-01 Serf collects debris. Acquired Spread Laser. U-05 Engineer lays Concrete. U-05 Engineer builds a Wall. Acquired Spread Laser. Acquired 16 matter. R-06 Scavenger collects Imp. Terrain Scanner. U-05 Engineer destroyed. K-01 Serf collects debris. Overheating: System interference. Spread Laser temporarily disabled. K-01 Serf cleans the Terminal. K-01 Serf collects debris. Broken Signal Interpreter destroyed. Map ----- +----------------------------------------------------+ | ??????? #? ?????# #?# / !* =#?# #?? | | ?????? #??##????# #?# # %=! #?# #?? | | ?????# ##/###???????## ### #######+###+"#### #?? | | ?????# ? ?????????## ### ###### %! #?? | | ?????+ ? ?????????##%### # # """## ####?? | | ?????# ? ?????????## ### # # ##### #????? | | ?????# ?? ?????????#=%=% + # ????# #????? | | ?????# ?? ?????????# # # ????# #????? | | ?????# ?? ""?????????# # # ?????#+#????? | | ?????+???? ""?????????# ###### ????????????? | | ?????????? ???????????# ##+####? ?????????????? | | ??????????#???????????# ## ## ?????????????? | | ??????????????????????# # [ #? ??????????????? | | ??????????????????????# ## [ #????????????????? | | ??????????????????????# ## #????????????????? | | ??????????????????????# ## #????????????????? | | ??????????????????????#k ##"" #????????????????? | | ??????????????????????#*=r##"T! #????????????????? | | ??????????????????????#%%=##""%!#????#????##?????? | | ?????????#??#????????##%=*## =%*#### ### !#?????? | | ?????????# #######*=*! ###+###%= !#?????? | | ?????????# %%* =%=%=![* !#?????? | | ?????????+ " T!! !%! !#?????? | | ?????????# %! % ! = !##?????? | | ?????????# ####### ####### ####??????? | | ?????????## ??????####% @##??????######?????????? | | ??????????#??????????## #??????????????????????? | | ??????????????????????# #??????????????????????? | | ??????????????????????# +??????????????????????? | | ??????????????????????# # ?????????????????????? | | ??????????????????????# ###????????????????????? | | ??????????????????????# #??????????????????????? | | ??????????????????????# #??????????????????????? | | ??????????????????????# ??????????????????????? | | ??????????????????????# #??????????????????????? | | ??????????????????????+ #??????????????????????? | | ??????????????????????# #??????????????????????? | | ??????????????????????# #??????????????????????? | | ??????????????????????# #??????????????????????? | | ?????????????????????? ???????????????????????? | | ??????????????????????? ???????????????????????? | | ??????????????????????? ???????????????????????? | | ?????????????????????????????????????????????????? | | ?????????????????????????????????????????????????? | | ?????????????????????????????????????????????????? | | ?????????????????????????????????????????????????? | | ?????????????????????????????????????????????????? | | ?????????????????????????????????????????????????? | | ?????????????????????????????????????????????????? | | ?????????????????????????????????????????????????? | +----------------------------------------------------+ Best States ------------- Heat Dissipation 28 Energy Generation 14 Energy Capacity 280 Matter Stores 300 Matter Capacity 300 Sight Range 16 Terrain Scan Density 10 Evasion (%) 62 Recoil Reduction 2 Item Schematics ----------------- None Robot Schematics ------------------ None Fabricated ------------ Nothing Repaired ---------- Nothing Alien Tech Used ----------------- None Achievements -------------- None Challenges ------------ None Game ------ Seed ProjectionUtilityDetector Manual? 0 Play Time 00:08:55 Cumulative 60.1 hours Start 2025.07.18 @ 13:45:39 End 2025.07.18 @ 13:53:22 Sessions 1 Manual Loads 0 Difficulty Rogue Special Mode None Game No. 257 Rogue 257 Adventurer 0 Explorer 0 Win Type - Total 0 Types 0/0/0/0/0/0/0/0/0/0 Lore% 39 Gallery% 30 Achievement% 25 Wizard Run 0 Options --------- Layout 2 ASCII 0 Keyboard 0 Movement Mouse Keybinds 0 Fullscreen 1 Font 24/Terminus Map View 50x44 Zoom Use 0% Tactical HUD 0 Map Filters NONE Filters NONE Steam 1 RUN: e8341f09-3d22-448e-959a-088c7b981ae4